 Dungeon Crawl Stone Soup version 0.28.0-53-g5a82cb258f (webtiles) character file.

Game seed: 12768420127724684185

6726 DearestLeader the Cleaver (level 11, -4/83 HPs)
             Began as a Gnoll Wanderer on June 7, 2022.
             Was a Believer of Okawaru.
             Slain by a death knight
             ... wielding a +1 glaive
              (6 damage)
             ... on level 10 of the Dungeon.
             The game lasted 00:17:50 (10690 turns).

DearestLeader the Cleaver (Gnoll Wanderer)         Turns: 10690, Time: 00:17:51

Health: -4/83      AC: 19    Str: 18    XL:     11   Next: 4%
Magic:  0/17       EV: 15    Int: 11    God:    Okawaru [**....]
Gold:   492        SH:  0    Dex: 17    Spells: 17/21 levels left

rFire   + . .      SeeInvis .   F - +6 mace of Eternal Harmony {spect, rElec Dex+7}
rCold   . . .      Faith    .   (no shield)
rNeg    . . .      Spirit   +   S - +3 troll leather armour {Snorg}
rPois   .          Reflect  .   p - +2 hat
rElec   +          Harm     .   G - +0 cloak
rCorr   .          Rampage  .   z - +0 pair of gloves
Will    .....                   o - +0 pair of boots
Stlth   +++.......              u - amulet of guardian spirit
HPRegen 1.03/turn               h - ring of protection from fire
MPRegen 0.15/turn               i - +4 ring of protection

@: no status effects
A: fangs 1, strong nose, distributed training, talons 1, iridescent scales 1,
low MP 1, subdued magic 1
a: Renounce Religion, Heroism


You were on level 10 of the Dungeon.
You worshipped Okawaru.
Okawaru was pleased with you.
You visited 2 branches of the dungeon, and saw 11 of its levels.

You collected 492 gold pieces.

Inventory:

Hand Weapons
 D - a +3 dire flail of freezing
 F - the +6 mace of Eternal Harmony (weapon) {spect, rElec Dex+7}
   (You found it on level 5 of the Dungeon)

   When its wielder attacks, the weapon's spirit leaps out and strikes again.
   The spirit shares a part of any damage it takes with its wielder.
   Dex:       It affects your dexterity (+7).
   rElec:     It insulates you from electricity.
 L - a +4 war axe
Missiles
 C - 2 throwing nets
 O - 4 curare-tipped darts (quivered)
Armour
 n - a +0 chain mail
 o - a +0 pair of boots (worn)
 p - a +2 hat (worn)
 z - a +0 pair of gloves (worn)
 G - a +0 cloak (worn)
 S - a +3 troll leather armour (worn) {Snorg}
Jewellery
 g - a +6 ring of strength
 h - a ring of protection from fire (left hand)
 i - a +4 ring of protection (right hand)
 s - a ring of resist corrosion
 u - an amulet of guardian spirit (around neck)
 y - a ring of positive energy
 A - an amulet of the acrobat
 J - a ring of protection from cold
 N - a ring of fire
 P - an amulet of magic regeneration
Wands
 d - a wand of acid (1)
 f - a wand of flame (10)
 v - a wand of polymorph (9)
Scrolls
 b - 5 scrolls of teleportation
 j - 5 scrolls of vulnerability
 m - a scroll of summoning
 q - a scroll of blinking {unknown}
 w - a scroll of identify
 x - a scroll of holy word {unknown}
 B - 2 scrolls of enchant armour {unknown}
 E - 2 scrolls of magic mapping {unknown}
 M - a scroll of fear {unknown}
 Q - a scroll of immolation {unknown}
Potions
 a - a potion of magic
 e - 2 potions of attraction
 k - a potion of haste {unknown}
 l - a potion of curing
 r - 2 potions of brilliance
 t - 3 potions of cancellation
 H - a potion of ambrosia {unknown}
 I - a potion of might
 K - a potion of degeneration {unknown}
Miscellaneous
 c - a piece from Xom's chessboard (14/15)


   Skills:
 + Level 6.4 Fighting
 + Level 5.8 Short Blades
 + Level 5.8 Long Blades
 + Level 10.4 Axes
 + Level 5.8 Maces & Flails
 + Level 5.8 Polearms
 + Level 5.8 Staves
 + Level 5.8 Slings
 + Level 5.8 Bows
 + Level 5.8 Crossbows
 + Level 5.8 Throwing
 + Level 5.8 Armour
 + Level 6.4 Dodging
 + Level 5.8 Stealth
 + Level 5.8 Shields
 + Level 8.9 Unarmed Combat
 + Level 5.8 Spellcasting
 + Level 4.8 Conjurations
 + Level 4.8 Hexes
 + Level 4.8 Summonings
 + Level 4.8 Necromancy
 + Level 4.8 Translocations
 + Level 4.8 Transmutations
 + Level 4.8 Fire Magic
 + Level 4.8 Ice Magic
 + Level 4.8 Air Magic
 + Level 4.8 Earth Magic
 + Level 4.8 Poison Magic
 + Level 6.4 Invocations
 + Level 6.4 Evocations


You had 17 spell levels left.
You knew the following spells:

 Your Spells              Type           Power      Damage    Failure   Level
a - Animate Skeleton      Necr           20%        N/A       2%          1
b - Vampiric Draining     Necr           10%        2d6       7%          3

Your spell library contained the following spells:

 Spells                   Type           Power      Damage    Failure   Level
 Apportation              Tloc           20%        N/A       2%          1
 Pain                     Necr           40%        1d6       2%          1
 Orb of Destruction       Conj           5%         9d5       100%        7
 Summon Small Mammal      Summ           Unusable   N/A       N/A         1
 Summon Guardian Golem    Hex/Summ       Unusable   N/A       N/A         3
 Animate Dead             Necr           Unusable   N/A       N/A         4
 Haunt                    Necr/Summ      Unusable   N/A       N/A         7
 Spellforged Servitor     Conj/Summ      Unusable   N/A       N/A         7
 Infestation              Necr           Unusable   N/A       N/A         8

Dungeon Overview and Level Annotations

Branches:
Dungeon (10/15)            Temple (1/1) D:7             Orc (0/2) D:10
   Lair: D:8-11

Altars:
Okawaru
Sif Muna
Vehumet
Xom

Shops:
D:2 *   D:3 =   D:5 (   D:9 *

Annotations:
D:3 2 transporters, Infinimo's ghost, amateur DEEE


Innate Abilities, Weirdness & Mutations

You have very sharp teeth.
Your uncanny sense of smell can sniff out nearby items.
Your experience applies equally to all skills.
You have sharp toenails.
You are partially covered in iridescent scales. (AC +2)
Your magical capacity is low. (-10% MP)
Your spells are a little easier to cast, but a little less powerful.


Message History

The death knight hits you from afar with a +1 glaive.
The centaur zombie closely misses you.
The centaur zombie kicks you but does no damage.
The centaur zombie misses you.
The centaur zombie completely misses you.
Aiming: Corrosive Bolt
Press: ? - help, Shift-Dir - straight line, f/p - death knight
Aim: a death knight, wielding a +1 glaive, wearing a +0 plate armour and wearing the amulet "Qodur" {Faith rN+ Stlth+} (heavily wounded, covered in acid, 77% to hit)
The bolt of acid hits the centaur zombie!
The centaur zombie seems to be corroded for longer.
You destroy the centaur zombie!
Okawaru accepts your kill.
The bolt of acid misses the death knight.
The death knight hits you but does no damage.
The death knight hits you with a +1 glaive.
You sock the death knight!
The death knight is severely wounded.
Your +6 mace of Eternal Harmony {spect, rElec Dex+7} hits the death knight!
The death knight hits you with a +1 glaive!!
* * * LOW HITPOINT WARNING * * *
You sock the death knight!
You punch the death knight, but do no damage.
You bite the death knight, but do no damage.
The death knight is almost dead.
Your +6 mace of Eternal Harmony {spect, rElec Dex+7} hits the death knight!
The death knight hits you with a +1 glaive!!
* * * LOW HITPOINT WARNING * * *
Okay, then.
You closely miss the death knight.
The death knight is almost dead.
Your +6 mace of Eternal Harmony {spect, rElec Dex+7} barely misses the death knight.
The death knight hits you with a +1 glaive!
* * * LOW HITPOINT WARNING * * *
Unknown command.
Okay, then.
You closely miss the death knight.
The death knight is almost dead.
Your +6 mace of Eternal Harmony {spect, rElec Dex+7} hits the death knight.
The death knight hits you with a +1 glaive!
You die...

#.##.# #......#
#.##.# #......#
#.o..#+####......####
#....................
#....................
#..................#.
#....................
#..(p......?.........
#...@.........#######
#.............#......
#..........##.#......
#....)........#####..
#....#####....#####..
#..#.#...#....#......
#..#.#...#....#..##..
#..#.#...#....#..####
#....#...#....#####


You could see a death knight (corroded), an orc warrior and a friendly +6 mace
of Eternal Harmony {spect, rElec Dex+7} (summoned).

Vanquished Creatures
  Snorg (D:10)
  2 two-headed ogres
  A gargoyle (D:10)
  A troll (D:9)
  A vampire mosquito (D:10)
  Duvessa (D:6)
  A water moccasin (Temple)
  A sky beast (D:7)
  An orc warrior (D:6)
  An ice beast (D:6)
  2 black bears (D:5)
  A necrophage (D:4)
  An ogre (D:5)
  3 centaurs (D:9)
  2 phantoms
  Blork the orc (D:5)
  A bullfrog (D:8)
  A gnoll sergeant (D:7)
  4 scorpions
  A wyvern skeleton (D:7)
  Dowan (D:6)
  A water moccasin skeleton (D:6)
  12 killer bees
  15 wights
  6 howler monkeys
  A bullfrog zombie (D:6)
  4 hounds
  2 centaur zombies
  3 orc priests
  A centaur skeleton (D:4)
  3 jellies
  Crazy Yiuf (D:5)
  A bullfrog skeleton (D:6)
  2 gnoll shamans
  5 orc wizards
  Ijyb (D:3)
  4 iguanas
  A howler monkey skeleton (D:7)
  6 adders
  13 gnolls
  A shadow imp (D:5)
  2 white imps (D:8)
  An ufetubus (D:5)
  An adder zombie (D:5)
  An adder skeleton (D:4)
  4 worms
  2 dart slugs (D:1)
  15 orcs
  4 bats
  13 endoplasms
  3 giant cockroaches
  7 goblins
  12 hobgoblins
  4 jackals (D:1)
  7 quokkas
  8 ball pythons
  4 frilled lizards
  13 kobolds
  5 rats
218 creatures vanquished.

Vanquished Creatures (others)
  An orc (D:6)
  A fungus (D:1)
  A plant (D:1)
3 creatures vanquished.

Grand Total: 221 creatures vanquished

Notes
Turn   | Place    | Note
-------+----------+-------------------------------------------
     0 | D:1      | DearestLeader the Gnoll Wanderer began the quest for the
                  | Orb.
     0 | D:1      | DearestLeader set off with the following items: a +2 hand
                  | axe, a scroll of teleportation, a piece from Xom's
                  | chessboard (15/15), a +0 leather armour
     0 | D:1      | Reached XP level 1. HP: 17/17 MP: 1/1
    55 | D:1      | Reached XP level 2. HP: 21/23 MP: 2/2
   262 | D:1      | Reached XP level 3. HP: 28/28 MP: 3/3
   632 | D:1      | Reached skill level 1 in Invocations
   691 | D:1      | Found a faded altar of an unknown god.
   946 | D:2      | Found a shimmering altar of Xom.
   963 | D:2      | Found Keygoar's General Store.
   976 | D:2      | Reached skill level 1 in Short Blades
   976 | D:2      | Reached skill level 1 in Long Blades
   976 | D:2      | Reached skill level 1 in Maces & Flails
   976 | D:2      | Reached skill level 1 in Polearms
   976 | D:2      | Reached skill level 1 in Staves
   976 | D:2      | Reached skill level 1 in Slings
   976 | D:2      | Reached skill level 1 in Bows
   976 | D:2      | Reached skill level 1 in Crossbows
   976 | D:2      | Reached skill level 1 in Throwing
   976 | D:2      | Reached skill level 1 in Armour
   976 | D:2      | Reached skill level 1 in Stealth
   976 | D:2      | Reached skill level 1 in Shields
   976 | D:2      | Reached skill level 1 in Spellcasting
  1318 | D:2      | Reached XP level 4. HP: 32/34 MP: 5/5
  1429 | D:2      | Reached skill level 1 in Conjurations
  1429 | D:2      | Reached skill level 1 in Hexes
  1429 | D:2      | Reached skill level 1 in Summonings
  1429 | D:2      | Reached skill level 1 in Necromancy
  1429 | D:2      | Reached skill level 1 in Translocations
  1429 | D:2      | Reached skill level 1 in Transmutations
  1429 | D:2      | Reached skill level 1 in Fire Magic
  1429 | D:2      | Reached skill level 1 in Ice Magic
  1429 | D:2      | Reached skill level 1 in Air Magic
  1429 | D:2      | Reached skill level 1 in Earth Magic
  1429 | D:2      | Reached skill level 1 in Poison Magic
  1948 | D:3      | Noticed Ijyb
  1965 | D:3      | Gained mutation: You have a pair of small horns on your
                  | head. [potion of mutation]
  1965 | D:3      | Gained mutation: You are dopey. (Int -2) [potion of
                  | mutation]
  1967 | D:3      | Killed Ijyb
  1968 | D:3      | Reached XP level 5. HP: 7/40 MP: 5/7
  1970 | D:3      | Lost mutation: You have a pair of small horns on your head.
                  | [potion of mutation]
  1970 | D:3      | Lost mutation: You are dopey. (Int -2) [potion of mutation]
  1970 | D:3      | Gained mutation: You passively dampen the noise of your
                  | surroundings. [potion of mutation]
  1970 | D:3      | Gained mutation: You tend to lose your temper in combat.
                  | [potion of mutation]
  1970 | D:3      | Gained mutation: You have sharp toenails. [potion of
                  | mutation]
  1971 | D:3      | Lost mutation: You passively dampen the noise of your
                  | surroundings. [potion of mutation]
  1971 | D:3      | Lost mutation: You tend to lose your temper in combat.
                  | [potion of mutation]
  1971 | D:3      | Gained mutation: You sometimes lose the ability to read
                  | scrolls when taking damage. [potion of mutation]
  1971 | D:3      | Gained mutation: You are partially covered in iridescent
                  | scales. (AC +2) [potion of mutation]
  1971 | D:3      | Gained mutation: You are agile. (Dex +2) [potion of
                  | mutation]
  2230 | D:3      | Found Bovouh's Jewellery Emporium.
  2398 | D:3      | Reached XP level 6. HP: 36/47 MP: 8/8
  2576 | D:3      | Found a transporter.
  2579 | D:3      | Noticed Infinimo's ghost (amateur DEEE)
  2820 | D:3      | Found a transporter.
  3027 | D:3      | Lost mutation: You are agile. (Dex +2) [potion of mutation]
  3027 | D:3      | Lost mutation: You sometimes lose the ability to read
                  | scrolls when taking damage. [potion of mutation]
  3027 | D:3      | Gained mutation: Your spells are a little easier to cast,
                  | but a little less powerful. [potion of mutation]
  3027 | D:3      | Gained mutation: Your magical capacity is low. (-10% MP)
                  | [potion of mutation]
  3542 | D:4      | Noticed a necrophage
  3555 | D:4      | Killed a necrophage
  3556 | D:4      | Reached XP level 7. HP: 47/52 MP: 9/9
  3558 | D:4      | Learned a level 1 spell: Animate Skeleton
  4118 | D:5      | Entered Level 5 of the Dungeon
  4271 | D:5      | Noticed Blork the orc
  4283 | D:5      | Killed Blork the orc
  4284 | D:5      | Reached skill level 9 in Axes
  4733 | D:5      | Reached XP level 8. HP: 47/60 MP: 9/11
  5124 | D:5      | Found Purgh's Weapon Boutique.
  5446 | D:5      | Identified the +6 mace of Eternal Harmony {spect, rElec
                  | Dex+7}
  5448 | D:5      | Found a runed translucent door.
  5449 | D:5      | Noticed Crazy Yiuf
  5458 | D:5      | Killed Crazy Yiuf
  6201 | D:6      | Found a radiant altar of Vehumet.
  6325 | D:6      | Noticed Duvessa
  6325 | D:6      | Noticed Dowan
  6332 | D:6      | Killed Duvessa
  6333 | D:6      | Reached XP level 9. HP: 63/66 MP: 11/13
  6334 | D:6      | Killed Dowan
  6745 | D:6      | Reached skill level 5 in Fighting
  6745 | D:6      | Reached skill level 5 in Dodging
  6745 | D:6      | Reached skill level 5 in Evocations
  7297 | D:7      | Noticed a two-headed ogre
  7303 | D:7      | Killed a two-headed ogre
  7304 | D:7      | Reached skill level 5 in Invocations
  7393 | D:7      | You fall into a shaft and drop 1 floor!
  7516 | D:8      | Reached XP level 10. HP: 74/74 MP: 15/15
  7860 | D:7      | Found a staircase to the Ecumenical Temple.
  7870 | Temple   | Entered the Ecumenical Temple
  7893 | Temple   | Became a worshipper of Warmaster Okawaru
  8114 | D:8      | Reached skill level 5 in Short Blades
  8114 | D:8      | Reached skill level 5 in Long Blades
  8114 | D:8      | Reached skill level 5 in Maces & Flails
  8114 | D:8      | Reached skill level 5 in Polearms
  8114 | D:8      | Reached skill level 5 in Staves
  8114 | D:8      | Reached skill level 5 in Slings
  8114 | D:8      | Reached skill level 5 in Bows
  8114 | D:8      | Reached skill level 5 in Crossbows
  8114 | D:8      | Reached skill level 5 in Throwing
  8114 | D:8      | Reached skill level 5 in Armour
  8114 | D:8      | Reached skill level 5 in Stealth
  8114 | D:8      | Reached skill level 5 in Shields
  8114 | D:8      | Reached skill level 5 in Spellcasting
  8503 | D:8      | Reached skill level 10 in Axes
  9369 | D:9      | Learned a level 3 spell: Vampiric Draining
  9472 | D:9      | Reached * piety under Okawaru
  9581 | D:9      | Found Nivegume's Changing Room.
 10148 | D:10     | Entered Level 10 of the Dungeon
 10241 | D:10     | Found a staircase to the Orcish Mines.
 10289 | D:10     | Noticed Snorg
 10310 | D:10     | Killed Snorg
 10602 | D:10     | Noticed a two-headed ogre
 10609 | D:10     | Killed a two-headed ogre
 10641 | D:10     | Noticed a gargoyle
 10648 | D:10     | Identified the amulet "Qodur" {Faith rN+ Stlth+}
 10648 | D:10     | Noticed a death knight
 10668 | D:10     | Killed a gargoyle
 10668 | D:10     | Reached ** piety under Okawaru
 10669 | D:10     | Reached XP level 11. HP: 44/83 MP: 7/17
 10689 | D:10     | HP: 1/83 [death knight/+1 glaive (8)]
 10690 | D:10     | Slain by a death knight

Illustrated notes

Levels and vault maps discovered:
D:1:      sevenhm_arrival_forest_fort_small_4, layout_loops_ring,
          shapermc_ecumenical_altar_ellora
D:2:      layout_rooms, serial_shops, nicolae_shop_crystal, basic_altar,
          minmay_tromino_v4_a
D:3:      layout_basic, gammafunk_ghost_mausoleum, serial_shops, shop_fountains,
          nrook_mini_vaults, lemuel_another_geyser, uniq_ijyb
D:4:      layout_loops_corners
D:5:      layout_basic, serial_shops, nicolae_square_shop,
          uniq_crazy_yiuf_cottage, uniq_blork_the_orc
D:6:      layout_basic, vehumet_crystals, eino_tiny_chamber,
          nicolae_underground_beach, uniq_duvessa
D:7:      layout_rooms, temple_green, kennysheep_generic_room_15
D:8:      layout_layer_cave
D:9:      layout_basic, nicolae_transmutations_shop
D:10:     layout_stronghold, grunt_lair_entry_orc_guard_hut, orc_0_dummy,
          minmay_bent, uniq_snorg
Temple:   mainiacjoe_temple_trianglar_array

Skill      XL: |  1  2  3  4  5  6  7  8  9 10 |
---------------+-------------------------------+-----
Invocations    | 1 2 3 4 5 6 |  6.4
Short Blades   | 1 2 3 4 5 |  5.8
Long Blades    | 1 2 3 4 5 |  5.8
Maces & Flails | 1 2 3 4 5 |  5.8
Polearms       | 1 2 3 4 5 |  5.8
Staves         | 1 2 3 4 5 |  5.8
Slings         | 1 2 3 4 5 |  5.8
Bows           | 1 2 3 4 5 |  5.8
Crossbows      | 1 2 3 4 5 |  5.8
Throwing       | 1 2 3 4 5 |  5.8
Armour         | 1 2 3 4 5 |  5.8
Stealth        | 1 2 3 4 5 |  5.8
Shields        | 1 2 3 4 5 |  5.8
Spellcasting   | 1 2 3 4 5 |  5.8
Conjurations   | 1 2 3 4 |  4.8
Hexes          | 1 2 3 4 |  4.8
Summonings     | 1 2 3 4 |  4.8
Necromancy     | 1 2 3 4 |  4.8
Translocations | 1 2 3 4 |  4.8
Transmutations | 1 2 3 4 |  4.8
Fire Magic     | 1 2 3 4 |  4.8
Ice Magic      | 1 2 3 4 |  4.8
Air Magic      | 1 2 3 4 |  4.8
Earth Magic    | 1 2 3 4 |  4.8
Poison Magic   | 1 2 3 4 |  4.8
Fighting       | 3 4 5 6 |  6.4
Dodging        | 3 4 5 6 |  6.4
Evocations     | 3 4 5 6 |  6.4
Unarmed Combat | 7 8 |  8.9
Axes           | 9 10 | 10.4

Action                   |  1- 3 |  4- 6 |  7- 9 | 10-12 || total
-------------------------+-------+-------+-------+-------++-------
Melee: Hand axe          |    87 |   192 |    84 |       ||   363
       Bite              |     9 |    12 |    32 |    14 ||    67
       Punch             |     1 |     6 |    17 |     6 ||    30
       Kick              |       |    26 |    77 |    29 ||   132
       Mace              |       |       |   101 |   122 ||   223
       Whip              |       |       |    30 |       ||    30
       Falchion          |       |       |     5 |       ||     5
 Cast: Animate Skeleton  |       |       |     1 |       ||     1
Evoke: Wand              |       |       |     6 |     6 ||    12
       Piece from Xom's  |       |       |       |     1 ||     1
  Use: Potion            |       |     4 |       |     3 ||     7
       Scroll            |       |       |     5 |     3 ||     8
 Stab: Distracted        |       |       |     3 |     2 ||     5
       Sleeping          |       |       |     2 |     1 ||     3
Armor: Leather armour    |    10 |       |       |       ||    10
       Ring mail         |    10 |    71 |    86 |    42 ||   209
       Troll leather arm |       |       |       |    50 ||    50
Dodge: Dodged            |    39 |    92 |   131 |   166 ||   428
